 Dungeon Crawl Stone Soup version 0.22.1-1-ga44c0e5 (webtiles) character file.

111099 Fang the Severer (level 16, 0/106 HPs)
             Began as a Gargoyle Berserker on Sept 21, 2018.
             Was a High Priest of Trog.
             Killed by divine providence
             ... invoked by Saint Roka
              (16 damage)
             ... on level 2 of the Orcish Mines.
             The game lasted 00:55:00 (24300 turns).

Fang the Severer (Gargoyle Berserker)              Turns: 24300, Time: 00:55:00

Health: 0/106      AC: 17    Str: 28    XL:     16   Next: 56%
Magic:  16/16      EV: 31    Int:  8    God:    Trog [*****.]
Gold:   1387       SH:  0    Dex:  9    Spells: 15/15 levels left

rFire    + . .     SeeInvis +   l - +6 executioner's axe (drain)
rCold    + . .     Gourm    .   (shield currently unavailable)
rNeg     + . .     Faith    .   n - +2 leather armour "Loor" {rElec}
rPois    ∞         Spirit   .   (no helmet)
rElec    +         Reflect  .   I - scarf {rC+ rF+}
rCorr    .         Harm     .   (no gloves)
MR       +....                  (no boots)
Stlth    ++........             H - amulet of the acrobat
HPRegen  0.27/turn              g - +3 ring of evasion
MPRegen  0.15/turn              p - ring of see invisible

@: berserk cooldown, flying, slowed, very slow
A: big wings, deformed body, negative energy resistance 1, electricity
resistance, unbreathing, petrification resistance, rot immunity, AC +12
a: Stop Flying, Berserk, Trog's Hand, Brothers in Arms, Renounce Religion


You were on level 2 of the Orcish Mines.
You worshipped Trog.
Trog was extremely pleased with you.
You were not hungry.

You visited 4 branches of the dungeon, and saw 24 of its levels.
You also visited: Bailey.

You collected 1387 gold pieces.

Inventory:

Hand Weapons
 a - a +2 hand axe of protection
 l - a +6 executioner's axe of draining (weapon)
 r - the +1 executioner's axe of Xuziteiq {chop, rC+}
   (Trog gifted it to you on level 10 of the Dungeon)

   It inflicts extra damage upon your enemies.
   It protects you from cold.
 t - the +8 frozen axe "Frostbite" {freezing cloud, *Noise +Fly rC+}
   (Trog gifted it to you on level 14 of the Dungeon)

   It has been specially enchanted to freeze those struck by it, causing extra
   injury to most foes and up to half again as much damage against particularly
   susceptible opponents.
   It can also slow down cold-blooded creatures.
   It protects you from cold.
   It lets you fly.
   It may make noises in combat.
 C - a +6 hand axe of freezing
 E - a +6 battleaxe of chopping
 L - a +7 battleaxe of chopping
Armour
 n - the +2 leather armour "Loor" (worn) {rElec}
   (You found it on level 12 of the Dungeon)

   It insulates you from electricity.
 I - a scarf of resistance (worn)
 O - the +0 ring mail of Valiance {-Cast Str+2 Int+3 Dex+4}
   (You found it on level 6 of the Lair of Beasts)

   It affects your strength (+2).
   It affects your intelligence (+3).
   It affects your dexterity (+4).
   It prevents spellcasting.
 S - the +1 scale mail "Itorucsu" {rC+ Regen+ Str-5}
   (You found it on level 12 of the Dungeon)

   It affects your strength (-5).
   It protects you from cold.
   It increases your rate of regeneration.
Jewellery
 g - a +3 ring of evasion (left hand)
 p - a ring of see invisible (right hand)
 G - an uncursed ring of stealth
 H - an amulet of the acrobat (around neck)
 P - a +3 ring of dexterity
Wands
 b - a wand of flame (80)
 q - a wand of paralysis (26)
 y - a wand of digging (10)
 z - a wand of acid (14)
 A - a wand of disintegration (28)
 F - a wand of random effects (70)
 M - a wand of iceblast (11)
Scrolls
 e - 11 scrolls of teleportation
 D - 5 scrolls of remove curse
 K - a scroll of enchant armour
 N - 2 scrolls of identify
Potions
 h - 5 potions of agility
 i - a potion of heal wounds
 j - 4 potions of invisibility
 k - 3 potions of resistance
 m - 3 potions of haste
 o - 9 potions of curing
 s - a potion of cancellation
 u - 2 potions of berserk rage
 v - 4 potions of brilliance
 x - 4 potions of lignification
 B - a potion of magic
 Q - 3 potions of might
Comestibles
 c - 32 rations


   Skills:
 + Level 14.2 Fighting
 + Level 18.9 Axes
 + Level 11.6 Armour
 + Level 4.5 Dodging
 + Level 5.3 Stealth


You had 15 spell levels left.
You didn't know any spells.
Your spell library was empty.

Dungeon Overview and Level Annotations

Branches:
Dungeon (15/15)            Temple (1/1) D:5            Lair (6/6) D:10
 Shoals (0/4) Lair:4       Spider (0/4) Lair:3        Slime (0/5) Lair:6
    Orc (2/2) D:10         Vaults (0/5) D:14         Depths (0/5) D:15
    Elf: Orc:2

Altars:
Dithmenos
Elyvilon
Kikubaaqudgha
Okawaru
Qazlal
Trog
Uskayaw
Vehumet
Xom
Yredelemnul
Zin

Shops:
D:5 !   D:13 ?   D:14 :

Annotations:
D:12 exclusion: ice statue
Lair:6 exclusion: oklob plant
Orc:2 Saint Roka


Innate Abilities, Weirdness & Mutations

You are resistant to torment.
Your stone body is resilient. (AC +12)
You are immune to poison.
Your large and strong wings let you fly indefinitely.
You resist negative energy. (rN+)
You are resistant to electric shocks. (rElec)
You can survive without breathing.
You are immune to petrification.
You are immune to rotting.
Armour fits poorly on your strangely shaped body.


Message History

The orc warrior no longer looks unusually strong.
The orc priest no longer looks unusually strong.
Saint Roka invokes the aid of Beogh against you.
Beogh smites you!
* * * LOW HITPOINT WARNING * * *
Saint Roka calls down the wrath of Beogh upon you.
Beogh smites you!
* * * LOW HITPOINT WARNING * * *
You feel much better.
An orc comes into view. It is wielding a club.
Saint Roka invokes the aid of Beogh against you.
Beogh smites you!
* * * LOW HITPOINT WARNING * * *
The orc warrior hits you from afar with a glaive.
* * * LOW HITPOINT WARNING * * *
The orc priest calls down the wrath of Beogh upon you.
You resist with significant effort.
Saint Roka mumbles some strange prayers to Beogh against you.
Beogh smites you!
You die...

## .## ##..##
##.....#
#<.....##
###@.......
##.........#
#..oo.......
##.o.o.......
##..)[...#....
#...(o[..##...
##..o)....#
...
####...)[o..##
#.
#.....).)####


You could see Saint Roka, 3 orc warriors, an orc priest and 2 orcs.

Vanquished Creatures
  Snorg (Lair:5)
  A fire dragon (D:15)
  3 vault guards (D:14)
  An ice dragon (D:15)
  Erolcha (D:12)
  5 hydras
  3 centaur warriors
  A catoblepas (D:14)
  An ogre mage (D:15)
  7 two-headed ogres
  3 death yaks (Lair:4)
  Urug (Lair:3)
  3 unseen horrors
  2 orc knights
  A deep elf mage (D:15)
  6 ugly things
  3 cyclopes
  A manticore (D:13)
  Joseph (D:9)
  6 black mambas
  Maurice (D:13)
  13 elephants
  Psyche (D:8)
  A centaur skeleton (D:13)
  3 gargoyles
  A rime drake (Lair:1)
  13 spiny frogs
  A tengu conjurer (D:14)
  A demonic crawler (Lair:3)
  3 kobold demonologists
  8 komodo dragons
  4 polar bears (D:12)
  An ice devil (D:12)
  3 meliai (D:14)
  9 hippogriffs
  9 trolls
  3 slime creatures (D:13)
  Prince Ribbit (Lair:3)
  19 blink frogs
  13 dream sheep (Lair:5)
  A snapping turtle (Lair:4)
  3 wraiths
  4 water elementals (D:13)
  18 yaks
  2 shadows
  8 wyverns
  A hog (shapeshifter) (D:13)
  2 steam dragons
  4 basilisks
  14 vampire mosquitoes
  2 hungry ghosts
  2 wargs
  Menkaure (D:6)
  An acid dragon (D:15)
  11 water moccasins
  11 porcupines
  Duvessa (D:7)
  8 ice beasts
  22 orc warriors
  3 sky beasts
  2 necrophages
  2 black bears
  An eye of draining (D:14)
  3 phantoms
  12 ogres
  12 wolves
  17 centaurs
  14 crocodiles
  6 big kobolds
  12 bullfrogs
  5 gnoll sergeants (D:10)
  2 wyvern zombies (D:14)
  Dowan (D:7)
  A water moccasin skeleton (D:8)
  3 wyvern skeletons
  7 scorpions
  A troll zombie (D:7)
  9 killer bees
  9 electric eels
  2 wights (D:7)
  3 howler monkeys
  9 crimson imps
  2 bullfrog zombies
  5 centaur zombies
  A quasit (D:11)
  3 human zombies (D:7)
  4 bullfrog skeletons
  16 orc wizards
  A gnoll shaman (D:9)
  10 orc priests
  10 hounds
  3 jellies
  Natasha (thrice) (D:3)
  A human skeleton (D:7)
  4 iguanas
  4 hell rats (Lair:4)
  14 worker ants
  A killer bee zombie (D:6)
  2 hound zombies
  A hound skeleton (D:11)
  A howler monkey zombie (D:6)
  2 mummies (D:7)
  5 adders
  19 gnolls
  5 shadow imps
  A white imp (D:12)
  An ooze (D:2)
  An adder zombie (D:9)
  3 adder skeletons
  3 worms
  3 dart slugs
  6 leopard geckos
  63 orcs
  12 bats
  11 giant cockroaches
  21 goblins
  11 hobgoblins
  17 jackals
  16 kobolds
  6 quokkas
  A ball python (D:5)
  10 frilled lizards
  A leopard gecko skeleton (D:7)
  An orc zombie (D:7)
  2 quokka skeletons
  A quokka zombie (D:5)
  9 rats
  A bush (Lair:6)
  7 fungi
  3 plants
739 creatures vanquished.

Vanquished Creatures (collateral kills)
  5 vault guards (D:14)
  A two-headed ogre (D:6)
  3 hydras
  3 death yaks (Lair:4)
  An unseen horror (D:15)
  An orc sorcerer (Orc:2)
  3 cyclopes
  A spiny frog (Lair:6)
  2 kobold demonologists
  An ogre (D:6)
  4 centaurs (D:15)
  A bullfrog (Lair:4)
  An adder (D:6)
  An orc (Orc:2)
  A hobgoblin (Bailey)
  2 jackals (D:6)
31 creatures vanquished.

Vanquished Creatures (others)
  7 fungi
  4 plants
11 creatures vanquished.

Grand Total: 781 creatures vanquished

Notes
Turn   | Place    | Note
-------+----------+-------------------------------------------
     0 | D:1      | Fang the Gargoyle Berserker began the quest for the Orb.
     0 | D:1      | Reached XP level 1. HP: 14/14 MP: 1/1
   130 | D:1      | Reached XP level 2. HP: 16/19 MP: 2/2
   331 | D:1      | Reached skill level 3 in Axes
   607 | D:1      | Reached XP level 3. HP: 24/24 MP: 3/3
   887 | D:2      | Reached ** piety under Trog
   990 | D:2      | Found a basalt altar of Yredelemnul.
  1248 | D:2      | Reached XP level 4. HP: 23/29 MP: 4/4
  1477 | D:3      | Reached skill level 4 in Axes
  1486 | D:3      | HP: 2/43 [orc priest/divine providence (10)]
  1487 | D:3      | Reached XP level 5. HP: 3/33 MP: 5/5
  1785 | D:3      | Found a bloodstained altar of Trog.
  1923 | D:3      | Reached *** piety under Trog
  2004 | D:3      | Reached XP level 6. HP: 29/38 MP: 6/6
  2326 | D:3      | Noticed Natasha
  2346 | D:3      | Killed Natasha
  2346 | D:3      | Reached skill level 5 in Axes
  2363 | D:3      | Noticed Natasha
  2548 | D:3      | Killed Natasha
  2984 | D:3      | Noticed Natasha
  2988 | D:3      | Killed Natasha
  3130 | D:4      | Found a white marble altar of Elyvilon.
  3248 | D:4      | Reached XP level 7. HP: 28/44 MP: 7/7
  3597 | D:4      | Reached skill level 6 in Axes
  3655 | D:4      | Reached skill level 5 in Fighting
  3689 | D:4      | Reached **** piety under Trog
  4068 | D:5      | Entered Level 5 of the Dungeon
  4068 | D:5      | Found a staircase to the Ecumenical Temple.
  4458 | D:5      | Found Momus's Distillery.
  4475 | D:5      | Reached XP level 8. HP: 38/49 MP: 8/8
  4846 | Temple   | Entered the Ecumenical Temple
  4889 | D:6      | Reached skill level 5 in Armour
  4907 | D:6      | Noticed Menkaure
  4913 | D:6      | Reached skill level 7 in Axes
  4920 | D:6      | Killed Menkaure
  4952 | D:6      | Noticed a two-headed ogre
  4955 | D:6      | Killed a two-headed ogre
  4955 | D:6      | Reached skill level 8 in Axes
  5199 | D:6      | Found a bloodstained altar of Trog.
  5213 | D:6      | Reached XP level 9. HP: 50/55 MP: 9/9
  5756 | D:6      | Reached skill level 9 in Axes
  5883 | D:6      | Found a radiant altar of Vehumet.
  5883 | D:6      | Found a glowing silver altar of Zin.
  6023 | D:7      | Noticed Duvessa
  6027 | D:7      | Noticed Dowan
  6035 | D:7      | Killed Duvessa
  6040 | D:7      | Killed Dowan
  6363 | D:7      | Paralysed by fainting for 8 turns
  6384 | D:7      | Paralysed by fainting for 9 turns
  6454 | D:7      | Found an iron altar of Okawaru.
  6558 | D:7      | Reached ***** piety under Trog
  6739 | D:7      | Received a gift from Trog
  6795 | D:7      | Found an ancient bone altar of Kikubaaqudgha.
  6835 | D:7      | Reached skill level 10 in Axes
  6839 | D:7      | Reached XP level 10. HP: 50/63 MP: 10/10
  7345 | D:8      | Found a flagged portal.
  7364 | Bailey   | Entered a bailey
  7493 | Bailey   | Found an iron altar of Okawaru.
  7493 | Bailey   | Noticed a kobold demonologist
  7493 | Bailey   | Noticed a kobold demonologist
  7501 | Bailey   | Killed a kobold demonologist
  7503 | Bailey   | Killed a kobold demonologist
  8023 | Bailey   | Reached skill level 11 in Axes
  8050 | Bailey   | Noticed an orc knight
  8061 | Bailey   | Killed an orc knight
  8349 | D:8      | Noticed Psyche
  8363 | D:8      | Killed Psyche
  8450 | D:8      | Reached XP level 11. HP: 69/69 MP: 11/11
  9164 | D:9      | Found a stormy altar of Qazlal.
  9216 | D:9      | Reached skill level 12 in Axes
  9245 | D:9      | Received a gift from Trog
  9348 | D:9      | Noticed Joseph
  9355 | D:9      | Killed Joseph
  9528 | D:10     | Entered Level 10 of the Dungeon
  9675 | D:10     | Found a staircase to the Lair.
  9678 | D:10     | Noticed a two-headed ogre
  9690 | D:10     | Killed a two-headed ogre
  9938 | D:10     | Found a staircase to the Orcish Mines.
  9953 | D:10     | Reached skill level 13 in Axes
  9965 | D:10     | Received a gift from Trog
  9968 | D:10     | Got a slimy executioner's axe {god gift}
 10017 | D:10     | Identified the +1 executioner's axe of Xuziteiq {chop, rC+}
                  | (Trog gifted it to you on level 10 of the Dungeon)
 10332 | D:10     | Reached XP level 12. HP: 75/77 MP: 12/12
 10564 | Lair:1   | Entered Level 1 of the Lair of Beasts
 10889 | Lair:1   | Gained mutation: You are frail. (-10% HP) [potion of
                  | mutation]
 10889 | Lair:1   | Lost mutation: You are frail. (-10% HP) [potion of
                  | mutation]
 11645 | Lair:1   | Reached skill level 10 in Fighting
 11828 | Lair:1   | Found a shadowy altar of Dithmenos.
 12052 | Lair:2   | Reached skill level 14 in Axes
 12644 | Lair:2   | Found a dark tunnel.
 13060 | Lair:2   | Noticed a four-headed hydra
 13065 | Lair:2   | Killed a five-headed hydra
 13298 | Lair:2   | Reached skill level 10 in Armour
 13563 | Lair:2   | Noticed a six-headed hydra
 13569 | Lair:2   | Killed an eight-headed hydra
 13569 | Lair:2   | Reached skill level 15 in Axes
 13569 | Lair:2   | Reached XP level 13. HP: 78/84 MP: 13/13
 13845 | Lair:3   | Noticed Prince Ribbit
 13993 | Lair:3   | Found a hole to the Spider Nest.
 14170 | Lair:3   | Noticed Urug
 14181 | Lair:3   | Killed Urug
 14363 | Lair:3   | Killed Prince Ribbit
 15015 | Lair:4   | Received a gift from Trog
 15030 | Lair:4   | Reached skill level 1 in Stealth
 15586 | Lair:4   | Found a staircase to the Shoals.
 15934 | Lair:5   | Reached skill level 16 in Axes
 16509 | Lair:5   | Noticed Snorg
 16518 | Lair:5   | Killed Snorg
 16642 | Lair:6   | Entered Level 6 of the Lair of Beasts
 16647 | Lair:6   | Gained mutation: Your large and strong wings let you fly
                  | indefinitely. [Gargoyle growth]
 16647 | Lair:6   | Reached XP level 14. HP: 89/91 MP: 14/14
 16795 | Lair:6   | Got an ichor-stained ring mail
 16806 | Lair:6   | Identified the +0 ring mail of Valiance {-Cast Str+2 Int+3
                  | Dex+4} (You found it on level 6 of the Lair of Beasts)
 17303 | Lair:6   | Found a staircase to the Slime Pits.
 18198 | D:11     | Reached skill level 17 in Axes
 18250 | D:11     | Reached XP level 15. HP: 97/97 MP: 12/15
 18758 | D:12     | Received a gift from Trog
 19123 | D:12     | Noticed Erolcha
 19131 | D:12     | Killed Erolcha
 19746 | D:12     | Got a transparent scale mail
 19757 | D:12     | Identified the cursed +1 scale mail "Itorucsu" {rC+ Regen+
                  | Str-5} (You found it on level 12 of the Dungeon)
 19985 | D:12     | Got a dazzling leather armour
 19996 | D:12     | Identified the +2 leather armour "Loor" {rElec} (You found
                  | it on level 12 of the Dungeon)
 20225 | D:13     | Reached ****** piety under Trog
 20294 | D:13     | Noticed Maurice
 20301 | D:13     | Killed Maurice
 20691 | D:13     | Found Ysedghiyq's Magic Scroll Shoppe.
 21218 | D:14     | Found a gate to the Vaults.
 21225 | D:14     | Reached skill level 18 in Axes
 21243 | D:14     | Reached XP level 16. HP: 7/104 MP: 16/16
 21998 | D:14     | Reached skill level 5 in Stealth
 22120 | D:14     | Received a gift from Trog
 22121 | D:14     | Found the +8 frozen axe "Frostbite" {freezing cloud, *Noise
                  | +Fly rC+}
 22143 | D:14     | Found Vonasycs's Book Boutique.
 22184 | D:14     | Gained mutation: Armour fits poorly on your strangely
                  | shaped body. [a neqoxec]
 22802 | D:15     | Entered Level 15 of the Dungeon
 23702 | D:15     | Found a staircase to the Depths.
 24130 | Orc:1    | Entered Level 1 of the Orcish Mines
 24243 | Orc:2    | Entered Level 2 of the Orcish Mines
 24275 | Orc:2    | Noticed Saint Roka
 24282 | Orc:2    | Received a gift from Trog
 24298 | Orc:2    | HP: 4/106 [Saint Roka/divine providence (10)]
 24300 | Orc:2    | Killed from afar by Saint Roka

Skill      XL: |  1  2  3  4  5  6  7  8  9 10 11 12 13 14 15 16 |
---------------+-------------------------------------------------+-----
Axes           | 3 4 5 6 8 10 11 13 15 16 17 18 | 18.9
Armour         | 3 4 5 7 8 9 10 11 | 11.6
Fighting       | 4 5 6 7 8 9 10 11 12 13 14 | 14.2
Dodging        | 2 4 |  4.5
Stealth        | 1 4 5 |  5.3

Action                   |  1- 3 |  4- 6 |  7- 9 | 10-12 | 13-15 | 16-18 || total
-------------------------+-------+-------+-------+-------+-------+-------++-------
Melee: Hand axe          |   205 |   210 |   500 |   201 |       |       ||  1116
       Executioner's axe |       |       |       |   354 |   520 |   179 ||  1053
       Battleaxe         |       |       |       |    98 |       |       ||    98
Invok: Berserk           |     1 |     5 |     3 |    13 |    12 |     2 ||    36
       Brothers in Arms  |       |       |     1 |     3 |     3 |     3 ||    10
 Abil: Fly               |       |       |       |       |     1 |       ||     1
  Use: Scroll            |       |       |    12 |    15 |     7 |       ||    34
       Potion            |       |       |       |     8 |     2 |     3 ||    13
 Stab: Distracted        |       |       |       |       |     1 |     2 ||     3
       Sleeping          |       |       |       |       |     3 |     1 ||     4
       Petrified         |       |       |       |       |       |     1 ||     1
  Eat: Chunk             |     2 |    10 |    15 |    30 |    18 |     3 ||    78
       Ration            |       |       |     1 |     2 |     6 |     3 ||    12
Armor: Animal skin       |    13 |       |       |       |       |       ||    13
       Plate armour      |   145 |   139 |   290 |   527 |   198 |       ||  1299
       Ring mail         |       |       |       |       |   107 |       ||   107
       Leather armour    |       |       |       |       |    35 |    77 ||   112
       Scale mail        |       |       |       |       |    22 |       ||    22
Dodge: Dodged            |   112 |   100 |   197 |   467 |   535 |   154 ||  1565
